 Dungeon Crawl Stone Soup version 0.30.1-11-g7821555f0a (webtiles) character file.

Game seed: 10112516318917863243

6708 lonewolfV2 the Blocker (level 10, 0/91 HPs)
             Began as a Minotaur Fighter on Nov 15, 2023.
             Succumbed to Amaemon's poison
             ... on level 9 of the Dungeon.
             The game lasted 00:12:32 (9190 turns).

lonewolfV2 the Blocker (Minotaur Fighter)           Turns: 9190, Time: 00:12:33

Health: 0/91       AC: 24    Str: 23    XL:     10   Next: 74%
Magic:  4/9        EV: 13    Int:  5    God:
Gold:   557        SH:  7    Dex: 12    Spells: 9/9 levels left

rFire   + . .        a - +4 war axe (protect)
rCold   . . .        c - +0 buckler
rNeg    . . .        i - +1 chain mail
rPois   .            (helmet restricted)
rElec   .            E - +2 cloak {Will+}
rCorr   .            w - +0 pair of gloves
SInv    .            (no boots)
Will    +....        h - amulet of guardian spirit Stlth
                     o - +5 ring of evasion
HPRegen 0.35/turn    p - ring of protection from fire
MPRegen 0.11/turn

%: guardian spirit
@: mighty, lethally poisoned (0 -> -6), under a protective aura, hasted and
slowed
A: horns 2, retaliatory headbutt
a: no special abilities


You were on level 9 of the Dungeon.
You visited 1 branch of the dungeon, and saw 9 of its levels.
You also visited: Ossuary.

You collected 591 gold pieces.
You spent 34 gold pieces at shops.

Inventory:

Hand Weapons
 a - a +4 war axe of protection (weapon)
Armour
 c - a +0 buckler (worn)
 i - a +1 chain mail (worn)
 w - a +0 pair of gloves (worn)
 E - a +2 cloak of willpower (worn)
Jewellery
 h - an amulet of guardian spirit (around neck)
 o - a +5 ring of evasion (left hand)
 p - a ring of protection from fire (right hand)
 F - a ring of protection from cold
Wands
 t - a wand of quicksilver (8)
 u - a wand of iceblast (13)
 v - a wand of flame (38)
 C - a wand of charming (11)
Scrolls
 e - 2 scrolls of vulnerability
 m - 3 scrolls of magic mapping
 s - a scroll of amnesia
 z - a scroll of silence
 B - 2 scrolls of identify
Potions
 b - 2 potions of brilliance
 d - 2 potions of might
 j - 2 potions of degeneration
 k - 4 potions of haste
 n - a potion of magic
 q - 3 potions of attraction
 r - 4 potions of flight
 A - a potion of cancellation {unknown}
 D - a potion of mutation {unknown}
Miscellaneous
 y - a piece from Xom's chessboard (15/15)


   Skills:
 - Level 9.0 Fighting
 + Level 11.5 Axes
 - Level 9.0 Armour
 + Level 11.8 Shields


You had 9 spell levels left.
You didn't know any spells.
Your spell library contained the following spells:

 Spells                   Type           Power      Damage    Failure   Level
 Magic Dart               Conj           0%         1d3       96%         1
 Slow                     Hex            0%         N/A       96%         1
 Searing Ray              Conj           0%         2d4       99%         2
 Confusing Touch          Hex            0%         N/A       100%        3
 Tukima's Dance           Hex            0%         N/A       100%        3
 Vampiric Draining        Necr           0%         2d6       100%        3
 Anguish                  Hex/Necr       0%         N/A       100%        4
 Cause Fear               Hex            0%         N/A       100%        4
 Fulminant Prism          Conj/Hex       0%         3d5       100%        4
 Passage of Golubria      Tloc           0%         N/A       100%        4
 Yara's Violent Unravell  Hex/Tmut       0%         3d3       100%        5
 Enfeeble                 Hex            0%         N/A       100%        7
 Borgnjor's Revivificati  Necr           0%         N/A       100%        8
 Necromutation            Tmut/Necr      0%         N/A       100%        8
 Death's Door             Necr           0%         N/A       100%        9


Dungeon Overview and Level Annotations

Branches:
Dungeon (9/15)             Temple (0/1) D:7            Lair (0/5) D:9
Ossuary (visited)
    Orc: D:9-12

Altars:
Ashenzari
Cheibriados
Dithmenos
Elyvilon
Trog
Vehumet
Wu Jian
Xom
Zin

Shops:
D:2 !   D:5 :   D:6 *   D:8 [

Annotations:
D:7 2 transporters, pkoi's ghost, novice DrMo


Innate Abilities, Weirdness & Mutations

You have a pair of horns on your head.
You reflexively headbutt those who attack you in melee.


Message History

The orange demon stings you but does no damage.
You barely miss Amaemon. Your headbutt misses Amaemon.
Amaemon is almost dead.
You feel sick.
You are no longer poisoned.
Amaemon hits you with the +8 whip "Snakebite" {venom, curare, rPois}.
You block Amaemon's attack. Amaemon tail-slaps you.
* * * LOW HITPOINT WARNING * * *
You are lethally poisoned!
Amaemon poisons you!
The orange demon stings you but does no damage.
You feel mightier all of a sudden.
Your extra speed is starting to run out.
* * * LOW HITPOINT WARNING * * *
You feel very sick. You block the orange demon's attack.
Amaemon hits you with the +8 whip "Snakebite" {venom, curare, rPois}.
* * * LOW HITPOINT WARNING * * *
Amaemon claws you but does no damage.
Amaemon tail-slaps you but does no damage.
You slash Amaemon!
You kill Amaemon!
The scorpion disappears in a puff of smoke! x4
* * * LOW HITPOINT WARNING * * *
You feel very sick.
The orange demon stings you but does no damage.
Aiming: Iceblast
Press: ? - help, Q - select action, (/) - cycle Shift-Dir - straight line, f - orange demon
Aim: an orange demon The mass of ice explodes!
The iceblast engulfs the orange demon!
The orange demon is moderately wounded.
* * * LOW HITPOINT WARNING * * *
You feel sick.
The orange demon stings you but does no damage.
Aiming: Iceblast
Press: ? - help, Q - select action, (/) - cycle Shift-Dir - straight line, f/p - orange demon
Aim: an orange demon (moderately wounded)
The mass of ice explodes!
The iceblast engulfs the orange demon!
The orange demon is heavily wounded.
You die...

### ..# #.####
.. ......# #.
...#...##
.#......#
.......$#
......#.#
.......§#####.#
##.#
.......4)@....#
....
.......§#######
##.. #.....#.#
.#....#.####
...........
.##.# #))# # #.
#.## .# ## #
#..#..# ..
#..4.#


You could see an orange demon.

Vanquished Creatures
  A two-headed ogre (D:9)
  Amaemon (D:9)
  Pikel (D:8)
  Maurice (D:9)
  A hornet (D:7)
  A troll (D:9)
  Grinder (D:3)
  Sigmund (D:6)
  A wyvern (D:9)
  Eustachio (D:5)
  2 steam dragons
  Grum (D:9)
  An acid dragon (D:8)
  3 orc warriors
  2 ice beasts
  2 black bears
  A sky beast (D:6)
  4 wolves (D:9)
  3 centaurs
  A phantom (D:5)
  2 lemures (D:8)
  A kobold brigand (D:7)
  2 scorpions
  A water moccasin zombie (Ossuary)
  5 killer bees (D:8)
  An electric eel (D:9)
  3 jellies
  9 orc priests
  8 hounds
  2 sleepcaps
  6 iguanas
  Terence (D:3)
  Natasha (D:2)
  8 orc wizards
  2 mummies (Ossuary)
  10 adders
  3 shadow imps
  A white imp (D:7)
  3 adder zombies (Ossuary)
  2 worms
  2 dart slugs
  31 orcs
  7 bats
  6 endoplasms
  8 goblins
  5 hobgoblins
  10 jackals
  8 kobolds
  6 quokkas
  7 ball pythons
  7 frilled lizards
  3 gnoll zombies (Ossuary)
  2 goblin zombies (D:8)
  3 hobgoblin zombies (Ossuary)
  11 kobold zombies (Ossuary)
  5 orc zombies (Ossuary)
  6 rats
  A butterfly (D:7)
229 creatures vanquished.

Vanquished Creatures (others)
  An orc wizard (D:8)
1 creature vanquished.

Grand Total: 230 creatures vanquished

Notes
Turn   | Place    | Note
-------+----------+-------------------------------------------
     0 | D:1      | lonewolfV2 the Minotaur Fighter began the quest for the
                  | Orb.
     0 | D:1      | Reached XP level 1. HP: 19/19 MP: 0/0
   170 | D:1      | Reached XP level 2. HP: 21/27 MP: 1/1
   615 | D:2      | Reached XP level 3. HP: 27/34 MP: 2/2
   998 | D:2      | Found Ginebaci's Distillery.
  1154 | D:2      | Noticed Natasha
  1163 | D:2      | Killed Natasha
  1164 | D:2      | Reached skill level 5 in Fighting
  1164 | D:2      | Reached skill level 5 in Armour
  1164 | D:2      | Reached XP level 4. HP: 40/42 MP: 3/3
  1461 | D:3      | Noticed Terence
  1472 | D:3      | Killed Terence
  1575 | D:3      | Noticed Grinder
  1578 | D:3      | Paralysed by Grinder for 2 turns
  1588 | D:3      | Killed Grinder
  1589 | D:3      | Reached XP level 5. HP: 15/51 MP: 2/4
  1589 | D:3      | Reached XP level 6. HP: 17/58 MP: 2/5
  1993 | D:3      | Found a snail-covered altar of Cheibriados.
  2091 | D:3      | Found a faded altar of an unknown god.
  2098 | D:3      | Found an ornate altar of the Wu Jian Council.
  2388 | D:4      | Found a broken altar of Ashenzari.
  2393 | D:4      | Found a bloodstained altar of Trog.
  2411 | D:4      | Found a shadowy altar of Dithmenos.
  2673 | D:4      | Reached XP level 7. HP: 29/66 MP: 0/6
  3321 | D:5      | Entered Level 5 of the Dungeon
  3342 | D:5      | Found Emaocatt's Book Emporium.
  3540 | D:5      | Reached XP level 8. HP: 14/75 MP: 0/7
  4071 | D:5      | Noticed Eustachio
  4089 | D:5      | Killed Eustachio
  4408 | D:5      | Reached skill level 5 in Shields
  4627 | D:6      | Found Feepalag's Assorted Antiques.
  4633 | D:6      | Bought a scroll labelled RIGA GIET QUAH for 34 gold pieces
  4698 | D:6      | Reached skill level 5 in Axes
  5467 | D:6      | Found a glowing silver altar of Zin.
  5470 | D:6      | Noticed Sigmund
  5476 | D:6      | Found a white marble altar of Elyvilon.
  5482 | D:6      | Killed Sigmund
  5483 | D:6      | Reached XP level 9. HP: 83/83 MP: 8/8
  5492 | D:6      | Found a radiant altar of Vehumet.
  6606 | D:7      | Found a transporter.
  6614 | D:7      | Noticed pkoi's ghost (novice DrMo)
  6807 | D:7      | Paralysed by a hornet for 1 turns
  6978 | D:7      | Found a shimmering altar of Xom.
  7063 | D:7      | Found a staircase to the Ecumenical Temple.
  7190 | D:7      | Found a transporter.
  7367 | D:8      | Noticed Pikel
  7386 | D:8      | Killed Pikel
  7422 | D:8      | Found a sand-covered staircase.
  7431 | Ossuary  | Entered an ossuary
  8024 | D:8      | Found Emaemmig's Armour Shoppe.
  8113 | D:8      | Reached XP level 10. HP: 85/91 MP: 9/9
  8353 | D:9      | Noticed Grum
  8359 | D:9      | Reached skill level 10 in Shields
  8366 | D:9      | Killed Grum
  8382 | D:9      | Reached skill level 10 in Axes
  8564 | D:9      | Found a staircase to the Lair.
  8780 | D:9      | Noticed a two-headed ogre
  8786 | D:9      | Killed a two-headed ogre
  9005 | D:9      | Noticed Maurice
  9021 | D:9      | Killed Maurice
  9145 | D:9      | Noticed Amaemon
  9145 | D:9      | Noticed an orange demon
  9188 | D:9      | Killed Amaemon
  9188 | D:9      | HP: 3/91 [poisoned by Amaemon]
  9190 | D:9      | Succumbed to Amaemon's poison

Illustrated notes

Levels and vault maps discovered:
D:1:      matt_arrival_grand_opening, layout_rooms
D:2:      layout_loops_ring, serial_shops, nicolae_shop_crystal, kennysheep_nub,
          minmay_misc_feat_nine_boxes, uniq_natasha
D:3:      layout_basic, mainiacjoe_overflow_boulevard,
          nicolae_overflow_ecumenical_swirl, uniq_terence, uniq_grinder
D:4:      layout_cave_pods, grunt_temple_overflow_open,
          nicolae_dithmenos_shadow_blocks
D:5:      minmay_inner_zag, layout_basic, serial_shops, shop_statue,
          chequers_serial_rivers_room_b, uniq_eustachio
D:6:      layout_basic, minmay_overflow_temple_star_quad, serial_shops,
          nicolae_shop_pleasant_corner_grove, corexii_checkpoint_a,
          serial_park_tiny_1, uniq_sigmund
D:7:      layout_gridville, xom_butterflies, minmay_temple_entry_purple_smoke,
          gammafunk_ghost_smash, roderic_roman_lattice,
          kennysheep_generic_room_3
D:8:      layout_basic, enter_ossuary_4, serial_shops,
          nicolae_shop_tiny_real_fake_doors, uniq_pikel
D:9:      layout_loops_ring, erik_lair_island, minmay_misc_feat_pillars,
          uniq_maurice, uniq_grum, uniq_amaemon

Skill      XL: |  1  2  3  4  5  6  7  8  9 10 |
---------------+-------------------------------+-----
Fighting       | 4 5 6 7 8 9 |  9.0
Armour         | 4 5 6 7 8 9 |  9.0
Axes           | 6 9 11 | 11.5
Shields        | 6 9 11 | 11.8

Action                     |  1- 3 |  4- 6 |  7- 9 | 10-12 || total
---------------------------+-------+-------+-------+-------++-------
  Melee: War axe           |    73 |    80 |   320 |    95 ||   568
         Headbutt          |    11 |     9 |    56 |    12 ||    88
  Evoke: Wand              |       |       |       |     4 ||     4
    Use: Scroll            |     2 |    11 |    13 |     2 ||    28
         Potion            |       |     1 |     1 |    16 ||    18
 Armour: Scale mail        |    16 |       |       |       ||    16
         Chain mail        |    36 |    73 |   199 |   108 ||   416
  Dodge: Dodged            |    33 |    35 |   161 |   138 ||   367
  Block: Buckler           |    20 |    22 |    86 |    52 ||   180
